 Dungeon Crawl Stone Soup version 0.18.1-48-g4cf74bf (webtiles) character file.

168 PossumBlood the Skirmisher (level 5, -3/39 HPs)
             Began as a High Elf Hunter on Aug 16, 2016.
             Was a Follower of Okawaru.
             Killed from afar by Darguel's ghost (6 damage)
             ... with a zap
             ... in a sewer.
             The game lasted 00:08:15 (2591 turns).

PossumBlood the Skirmisher (High Elf Hunter)        Turns: 2591, Time: 00:08:16

Health: -3/39      AC:  3    Str: 16    XL:     5   Next: 23%
Magic:  15/15      EV: 12    Int: 15    God:    Okawaru [*.....]
Gold:   146        SH:  0    Dex: 16    Spells: 0 memorised, 4 levels left

rFire  . . .     SeeInvis .     b - +0 short sword
rCold  . . .     Gourm    .     c - +0 leather armour
rNeg   . . .     Faith    .     (no shield)
rPois  .         Spirit   .     (no helmet)
rElec  .         Dismiss  .     (no cloak)
rCorr  .         Reflect  .     (no gloves)
SustAt .         Harm     .     (no boots)
MR     +....                    (no amulet)
Stlth  ++........               k - ring of protection from magic
                                j - ring of magical power

@: mighty, somewhat resistant to hostile enchantments, unstealthy
A: no striking features
a: Heroism, Renounce Religion


You were in a sewer.
You worshipped Okawaru.
Okawaru was aware of your devotion.
You were not hungry.

You visited 1 branch of the dungeon, and saw 3 of its levels.
You also visited: Sewer.

You collected 146 gold pieces.

Inventory:

Hand Weapons
 a - a +1 shortbow
 b - a +0 short sword (weapon)
 n - a +0 arbalest
Missiles
 d - 24 arrows
Armour
 c - a +0 leather armour (worn)
Jewellery
 j - a ring of magical power (left hand)
 k - a ring of protection from magic (right hand)
Wands
 e - a wand of acid (6/15)
Scrolls
 h - 2 scrolls of remove curse
 l - a scroll of teleportation {unknown}
 m - a scroll of magic mapping {unknown}
 o - a scroll of identify {unknown}
Comestibles
 f - 3 bread rations


   Skills:
 + Level 5.5 Fighting
 - Level 5.3 Bows
 - Level 2.1 Dodging
 - Level 1.1 Stealth


You had 4 spell levels left.
You didn't know any spells.

Dungeon Overview and Level Annotations

Branches:
Dungeon (3/15)

Altars:
Okawaru
Ru

Annotations:
Sewer Darguel's ghost, amateur TeAE


Message History

Wield which item (- for none, * to show all)? (? for menu, Esc to quit)
b - a +0 short sword (weapon)
You are too injured to fight recklessly!
You are too injured to fight recklessly!
You are too injured to fight recklessly!
You are too injured to fight recklessly!
You are too injured to fight recklessly!
You are too injured to fight recklessly!
You hit Darguel's ghost.
Darguel's ghost is moderately damaged.
Darguel's ghost hits you.
* * * LOW HITPOINT WARNING * * *
Darguel's ghost hits you.
* * * LOW HITPOINT WARNING * * *
Darguel's ghost points at you and mumbles some strange words.
The zap hits you!
Darguel's ghost is no longer moving somewhat quickly.
Darguel's ghost points at you and mumbles some strange words.
The zap hits you!
You die...

#.......≈≈≈≈
#.......≈≈≈≈
#.......≈≈≈≈
##†......≈≈≈
#.......≈≈≈
##......≈≈≈
####.W.....≈≈
#∩###......≈≈
#.###@.....≈≈
#..#.......≈≈
##.........≈≈
##........≈≈
##.......≈≈
#......≈≈≈
......≈≈≈≈
#......≈≈≈≈
..#....≈≈≈≈


You could see Darguel's ghost.

Vanquished Creatures
  A big kobold (Sewer)
  A river rat (Sewer)
  4 adders (D:3)
  A worm (D:2)
  A dart slug (D:1)
  2 giant geckos
  4 goblins
  3 hobgoblins
  2 jackals (D:3)
  A ball python (D:1)
  6 bats
  5 giant newts
  14 kobolds
  7 rats
52 creatures vanquished.

Notes
Turn   | Place    | Note
--------------------------------------------------------------
     0 | D:1      | PossumBlood the High Elf Hunter began the quest for the Orb.
     0 | D:1      | Reached XP level 1. HP: 14/14 MP: 2/2
   200 | D:1      | Reached XP level 2. HP: 20/20 MP: 3/3
   245 | D:1      | Found an iron altar of Okawaru.
   255 | D:1      | Became a worshipper of Warmaster Okawaru
  1428 | D:2      | Reached XP level 3. HP: 17/26 MP: 4/4
  1539 | D:2      | Found a sacrificial altar of Ru.
  2300 | D:3      | Reached XP level 4. HP: 28/34 MP: 5/5
  2419 | D:3      | Found a glowing drain.
  2426 | Sewer    | Entered a sewer
  2536 | Sewer    | Noticed Darguel's ghost (amateur TeAE)
  2538 | Sewer    | Noticed a big kobold
  2550 | Sewer    | Killed a big kobold
  2550 | Sewer    | Reached * piety under Okawaru
  2550 | Sewer    | Reached skill level 5 in Fighting
  2550 | Sewer    | Reached XP level 5. HP: 26/39 MP: 6/6
  2581 | Sewer    | HP: 1/39 [Darguel's ghost (4)]
  2591 | Sewer    | Killed from afar by Darguel's ghost

Skill      XL: |  1  2  3  4 |
---------------+-------------+-----
Fighting       | 3 4 5 |  5.5
Bows           | |  5.3
Dodging        | |  2.1
Stealth        | |  1.1

Action                   |  1- 3 |  4- 6 || total
-------------------------+-------+-------++-------
Melee: Short sword       |   124 |    10 ||   134
 Fire: Shortbow          |    26 |    49 ||    75
  Use: Scroll            |     4 |       ||     4
       Potion            |       |     5 ||     5
 Stab: Sleeping          |     2 |       ||     2
       Distracted        |     1 |       ||     1
  Eat: Bread ration      |     1 |     1 ||     2
Armor: Leather armour    |    37 |    12 ||    49
Dodge: Dodged            |   110 |    33 ||   143
